 Dungeon Crawl Stone Soup version 0.30-a0-953-g5f1da4a474 (webtiles) character file.

Game seed: 1847708425705048422

72 BlueFish the Grasshopper (level 4, -3/30 HPs)
             Began as an Octopode Warper on Mar 28, 2023.
             Slain by an ogre
             ... wielding a +0 giant club
              (33 damage)
             ... on level 4 of the Dungeon.
             The game lasted 00:03:54 (1747 turns).

BlueFish the Grasshopper (Octopode Warper)          Turns: 1747, Time: 00:03:54

Health: -3/30      AC:  1    Str: 12    XL:     4   Next: 26%
Magic:  16/16      EV: 13    Int: 15    God:
Gold:   154        SH:  0    Dex: 11    Spells: 0/7 levels left

rFire   . . .      SeeInvis .    c - +0 whip
rCold   . . .      Faith    .    (no shield)
rNeg    + . .      Spirit   .    (helmet restricted)
rPois   .          Reflect  .    (no amulet)
rElec   .          Rampage  .    h - ring of magical power
rCorr   .                        l - ring of positive energy
Will    .....                    (no ring)
Stlth   +++                      (no ring)
HPRegen 0.25/turn                (no ring)
MPRegen 0.15/turn                (no ring)
                                 (no ring)
                                 (no ring)

@: no status effects
A: almost no armour, amphibious, 8 rings, camouflage 1, gelatinous body 1,
(nimble swimmer 1), tentacles
a: no special abilities


You were on level 4 of the Dungeon.
You visited 2 branches of the dungeon, and saw 4 of its levels.

You collected 154 gold pieces.

Inventory:

Hand Weapons
 c - a +0 whip (weapon)
Missiles
 b - 7 boomerangs of dispersal (quivered)
 d - 24 stones
Armour
 k - a +0 kite shield
Jewellery
 h - a ring of magical power (left tentacle)
 l - a ring of positive energy (right tentacle)
Wands
 o - a wand of quicksilver (6)
Scrolls
 a - a scroll of blinking
 e - 2 scrolls of teleportation {unknown}
 f - 2 scrolls of summoning {unknown}
 i - 2 scrolls of enchant armour {unknown}
 m - a scroll of immolation {unknown}
 p - a scroll of identify {unknown}
Potions
 g - 2 potions of flight {unknown}
 j - 6 potions of curing {unknown}
 n - a potion of lignification {unknown}
 q - a potion of magic {unknown}


   Skills:
 + Level 2.4 Fighting
 + Level 0.5 Maces & Flails
 + Level 1.5 Throwing
 + Level 2.6 Dodging
 * Level 2.7 Stealth
 + Level 0.5 Shields
 - Level 2.0 Unarmed Combat
 + Level 2.2 Spellcasting
 + Level 3.2 Translocations


You couldn't memorise any spells.
You knew the following spells:

 Your Spells              Type           Power      Damage    Failure   Level
a - Blink                 Tloc           22%        N/A       9%          2
b - Lesser Beckoning      Tloc           22%        N/A       9%          2
c - Teleport Other        Tloc           11%        N/A       17%         3

Your spell library contained the following spells:

 Spells                   Type           Power      Damage    Failure   Level
 Vhi's Electric Charge    Tloc/Air       12%        N/A       32%         3
 Manifold Assault         Tloc           11%        N/A       50%         4
 Passage of Golubria      Tloc           11%        N/A       50%         4
 Tukima's Dance           Hex            1%         N/A       54%         3
 Yara's Violent Unravell  Hex/Tmut       0%         3d3       99%         5


Dungeon Overview and Level Annotations

Branches:
Dungeon (4/15)             Temple (1/1) D:4

Altars:
Hepliaklqana
Kikubaaqudgha
Makhleb
Nemelex Xobeh
Okawaru
Qazlal
Sif Muna
Uskayaw
Wu Jian
Xom
Zin
The Shining One


Innate Abilities, Weirdness & Mutations

You cannot wear most types of armour.
You are amphibious.
You can wear up to eight rings at the same time.
Your skin changes colour to match your surroundings (Stealth+).
Your rubbery body absorbs attacks. (AC +1, EV +1)
((You are camouflaged when in or above water. (Stealth+)))
You have tentacles for arms and can constrict up to eight enemies at once.


Message History

The adder is severely wounded.
The adder misses you. The adder bites you.
You are poisoned.
The adder poisons you!
You closely miss the adder. You grab the adder. You squeeze the adder.
You kill the adder!
You feel sick.
An endoplasm comes into view.
You feel sick.
You feel sick.
You are no longer poisoned.
You start resting.
HP restored.
Found a leather armour.
An ogre comes into view. It is wielding a +0 giant club.
An endoplasm comes into view.
There is a staircase to the Ecumenical Temple here.
You climb downwards.
Welcome to the Ecumenical Temple!
There is a staircase back to the Dungeon here.
You enter the deep water.
Found a hazy altar of Hepliaklqana.
Found a shimmering altar of Xom and a glowing golden altar of the Shining One.
Found a stormy altar of Qazlal.
Found a sparkling altar of Nemelex Xobeh.
Found two altars.
There is a stormy altar of Qazlal here.
Found a glowing silver altar of Zin.
Found an ornate altar of the Wu Jian Council.
You enter the deep water.
Found a burning altar of Makhleb and a hide-covered altar of Uskayaw.
Found an iron altar of Okawaru.
You enter the deep water.
You enter the deep water.
Done exploring.
Done exploring.
There is a staircase back to the Dungeon here.
You climb upwards.
Welcome back to the Dungeon!
The ogre hits you with a +0 giant club!!
Ouch! That really hurt!
You die...

#..#####.# #.###
.. ##...########
...##...........#
......#.#.#.#.#.#
...............J#
......#.......#.#
.....$..?.O.$...#
......#...@...#.#
.................#
......#.......#..#
..###............#
. #.#.#.#[#.#..#
#............#
#..... ...##.#
...J.. ...


You could see an ogre and 2 endoplasms.

Vanquished Creatures
  2 adders
  2 worms (D:2)
  3 bats
  4 endoplasms
  A giant cockroach (D:1)
  10 goblins
  6 hobgoblins
  3 jackals (D:1)
  3 kobolds (D:1)
  4 quokkas
  A ball python (D:1)
  4 rats (D:2)
43 creatures vanquished.

Notes
Turn   | Place    | Note
-------+----------+-------------------------------------------
     0 | D:1      | BlueFish the Octopode Warper began the quest for the Orb.
     0 | D:1      | Reached XP level 1. HP: 14/14 MP: 3/3
   134 | D:1      | Reached skill level 1 in Stealth
   134 | D:1      | Reached XP level 2. HP: 19/19 MP: 5/5
   137 | D:1      | Learned a level 2 spell: Blink
   140 | D:1      | Learned a level 2 spell: Lesser Beckoning
   496 | D:1      | Reached XP level 3. HP: 20/24 MP: 6/6
  1417 | D:2      | Reached XP level 4. HP: 8/30 MP: 7/7
  1422 | D:2      | Learned a level 3 spell: Teleport Other
  1551 | D:2      | You fall into a shaft and drop 2 floors!
  1553 | D:4      | Found a staircase to the Ecumenical Temple.
  1599 | D:4      | Noticed an ogre
  1607 | Temple   | Entered the Ecumenical Temple
  1747 | D:4      | Slain by an ogre

Illustrated notes

Levels and vault maps discovered:
D:1:      doesnt_arrival_eight_statues, layout_basic
D:2:      layout_basic
D:4:      due_chaos_kobolds, layout_rooms, lemuel_mausoleum_altar_yredelemnul,
          minmay_temple_entry_glass, sigmund_edmund_badplayer, uniq_edmund
Temple:   minmay_temple_bridge_abc

Skill      XL: |  1  2  3 |
---------------+----------+-----
Stealth        | 1 2 |  2.7
Fighting       | |  2.4
Maces & Flails | |  0.5
Throwing       | |  1.5
Dodging        | |  2.6
Shields        | |  0.5
Unarmed Combat | |  2.0
Spellcasting   | |  2.2
Translocations | |  3.2

Action                     |  1- 3 |  4- 6 || total
---------------------------+-------+-------++-------
  Melee: Unarmed           |    18 |       ||    18
         Constrict         |    21 |     2 ||    23
         Tentacles         |    12 |     1 ||    13
         Whip              |    71 |     7 ||    78
         Punch             |     2 |       ||     2
   Stab: Sleeping          |    14 |       ||    14
 Armour: Skin              |     5 |       ||     5
  Dodge: Dodged            |    43 |     4 ||    47

Table legend: (Time is in decaauts)
 A = Elapsed time spent in this place.
 B = Non-inter-level travel time spent in this place.
 C = Inter-level travel time spent in this place.
 D = Time resting spent in this place.
 E = Time spent auto-exploring this place.
 F = Levels seen in this place.
 G = Mean time per level.
                   A        B        C        D        E       F      G
               +--------+--------+--------+--------+--------+-----+--------+
         Total |   1751 |   1728 |     23 |     42 |   1290 |   4 |  437.8 |
       Dungeon |   1611 |   1588 |     23 |     42 |   1186 |   3 |  537.0 |
        Temple |    139 |    139 |      0 |      0 |    104 |   1 |  139.0 |
               +--------+--------+--------+--------+--------+-----+--------+

Top non-repeatable levels by time:
     D:1: 780 daAuts
     D:2: 775 daAuts
  Temple: 139 daAuts
     D:4: 56 daAuts
